[Event "KSB 24/25 Slavoj E - Koprivnice B"]
[Site "?"]
[Date "2024.12.01"]
[Round "4.1"]
[White "Dobrovolsky, Ladislav"]
[Black "Kadlec, Pavel"]
[Result "1-0"]
[ECO "D42"]
[WhiteElo "2118"]
[BlackElo "1849"]
[PlyCount "63"]
[EventDate "2024.??.??"]
[TimeControl "40/5400+30:0"]

1. Nf3 Nf6 2. c4 c5 3. Nc3 d5 4. cxd5 Nxd5 5. e3 e6 6. d4 Nc6 7. Bd3 Be7 8. O-O O-O 9. Re1 cxd4 10. exd4 Nf6 11. a3 b6 12. Bc2 Bb7 13. Qd3 Nb8 14. Bg5 Ba6 15. Qd2 Nbd7 16. Rad1 Re8 17. Ba4 Nd5 18. Nxd5 exd5 19. Bc6 Rc8 20. Bxe7 Rxe7 21. Bxd5 Nf6 22. Bb3 Rxe1+ 23. Rxe1 Bb7 24. Ne5 Bd5 25. Bxd5 Qxd5 26. Rc1 Rxc1+ 27. Qxc1 h6 28. Qc8+ Kh7 29. Qc4 Qa5 30. Nf3 Qh5 31. h3 Nd5 32. g4 1-0

[Event "KSB 24/25 Slavoj E - Koprivnice B"]
[Site "?"]
[Date "2024.12.01"]
[Round "4.2"]
[White "Divis, Jan"]
[Black "Dostal, Radim"]
[Result "1/2-1/2"]
[ECO "C01"]
[WhiteElo "1706"]
[BlackElo "1956"]
[PlyCount "55"]
[EventDate "2024.??.??"]
[TimeControl "40/5400+30:0"]

1. e4 e6 2. d4 d5 3. exd5 exd5 4. Nf3 Bg4 5. h3 Bh5 6. Bf4 Nc6 7. c3 Bd6 8. Bxd6 Qxd6 9. Be2 O-O-O 10. Nbd2 Re8 11. O-O Nf6 12. Bb5 a6 13. Ba4 Ne4 14. Qc1 g5 15. Ne5 b5 16. Nxe4 dxe4 17. Bd1 Bxd1 18. Rxd1 Nxe5 19. dxe5 Qxe5 20. Qe3 Kb7 21. a4 f5 22. axb5 Qxb5 23. b4 f4 24. Qd4 e3 25. fxe3 fxe3 26. Ra5 Qb6 27. Qxb6+ Kxb6 28. Rxg5 1/2-1/2

[Event "KSB 24/25 Slavoj E - Koprivnice B"]
[Site "?"]
[Date "2024.12.01"]
[Round "4.3"]
[White "Dobes, Ludek"]
[Black "Novotny, Stanislav"]
[Result "1-0"]
[ECO "D36"]
[WhiteElo "1964"]
[BlackElo "1790"]
[PlyCount "89"]
[EventDate "2024.??.??"]
[TimeControl "40/5400+30:0"]

1. d4 e6 2. Nf3 d5 3. c4 Nf6 4. cxd5 exd5 5. Nc3 c6 6. Bg5 Be7 7. Qc2 Bg4 8. e3 Nbd7 9. Bd3 Bh5 10. O-O-O Bg6 11. Bxg6 hxg6 12. Kb1 Nh5 13. h4 Nhf6 14. Rde1 Qc7 15. Bf4 Bd6 16. Bxd6 Qxd6 17. e4 Nxe4 18. Nxe4 dxe4 19. Qxe4+ Kd8 20. Ng5 Rf8 21. Nxf7+ Rxf7 22. Qe8+ Kc7 23. Qxf7 Rf8 24. Qe6 Rxf2 25. Qxd6+ Kxd6 26. g3 Nf6 27. Re5 Nd7 28. Rg5 Rf6 29. Re1 Nf8 30. Kc2 Ne6 31. Rg4 b5 32. b4 Nc7 33. a3 Nd5 34. Kd2 Nb6 35. Rf4 Nd5 36. Rxf6+ gxf6 37. Re8 f5 38. Rg8 Ne7 39. Ra8 Nd5 40. Rxa7 f4 41. g4 Nf6 42. Rg7 Ne4+ 43. Ke2 Kd5 44. Rxg6 Kxd4 45. Rxc6 1-0

[Event "KSB 24/25 Slavoj E - Koprivnice B"]
[Site "?"]
[Date "2024.12.01"]
[Round "4.4"]
[White "Brabec, Jiri"]
[Black "Kondula, Dominik"]
[Result "0-1"]
[ECO "A80"]
[WhiteElo "1624"]
[BlackElo "1870"]
[PlyCount "72"]
[EventDate "2024.??.??"]
[TimeControl "40/5400+30:0"]

1. d4 f5 2. Nf3 Nf6 3. e3 g6 4. Be2 Bg7 5. Nbd2 O-O 6. Ne5 d6 7. Nd3 Nbd7 8. Nf4 Nb6 9. c4 e5 10. Nd3 exd4 11. exd4 Re8 12. O-O Ne4 13. Nb3 Nxc4 14. Nf4 Nb6 15. a4 Nf6 16. a5 Nbd5 17. Bc4 Be6 18. Nxe6 Rxe6 19. Bg5 c6 20. a6 b5 21. Bxd5 cxd5 22. Nd2 Qb6 23. Nf3 Rc8 24. Re1 Re4 25. Qb3 Rc4 26. h3 Rxe1+ 27. Rxe1 Ne4 28. Be3 Qxa6 29. Qd3 Qb6 30. Rc1 a5 31. Rxc4 dxc4 32. Qc2 d5 33. Ne5 Bxe5 34. dxe5 d4 35. Bf4 d3 36. Qd1 Qxf2+ 0-1

[Event "KSB 24/25 Slavoj E - Koprivnice B"]
[Site "?"]
[Date "2024.12.01"]
[Round "4.5"]
[White "Kondula, Lukas"]
[Black "Prokop, Michal"]
[Result "1/2-1/2"]
[ECO "C26"]
[WhiteElo "1882"]
[BlackElo "1688"]
[PlyCount "50"]
[EventDate "2024.??.??"]
[TimeControl "40/5400+30:0"]

1. e4 e5 2. Nc3 Nf6 3. g3 Bc5 4. Bg2 d6 5. Nge2 Nc6 6. O-O O-O 7. Na4 Bb6 8. Nxb6 axb6 9. c3 d5 10. exd5 Nxd5 11. d4 exd4 12. Nxd4 Nxd4 13. Qxd4 Nf6 14. Qxd8 Rxd8 15. Bg5 c6 16. Rad1 Be6 17. Be3 b5 18. a3 Rd7 19. Rxd7 Nxd7 20. Rd1 Re8 21. h3 h5 22. h4 Ne5 23. Bf4 Nc4 24. Bc1 Bf5 25. Kf1 g6 1/2-1/2

[Event "KSB 24/25 Slavoj E - Koprivnice B"]
[Site "?"]
[Date "2024.12.01"]
[Round "4.6"]
[White "Prech, Vit"]
[Black "Gajda, Rostislav"]
[Result "0-1"]
[ECO "B07"]
[WhiteElo "1562"]
[BlackElo "1753"]
[PlyCount "40"]
[EventDate "2024.??.??"]
[TimeControl "40/5400+30:0"]

1. e4 d6 2. d4 Nf6 3. Nc3 Nbd7 4. Be3 e5 5. Nf3 c6 6. Qd2 h6 7. O-O-O Ng4 8. h3 Nxe3 9. Qxe3 Qc7 10. Bc4 Be7 11. Rd3 b5 12. Bb3 a5 13. a4 b4 14. Ne2 c5 15. Bd5 Rb8 16. dxe5 dxe5 17. b3 Nb6 18. c4 bxc3 19. Rxc3 O-O 20. Kb2 Nxa4+ 0-1

[Event "KSB 24/25 Slavoj E - Koprivnice B"]
[Site "?"]
[Date "2024.12.01"]
[Round "4.7"]
[White "Dostal, Petr"]
[Black "Ruta, Ondrej"]
[Result "1-0"]
[ECO "B34"]
[WhiteElo "1835"]
[BlackElo "1155"]
[PlyCount "65"]
[EventDate "2024.??.??"]
[TimeControl "40/5400+30:0"]

1. e4 c5 2. Nf3 Nc6 3. d4 cxd4 4. Nxd4 g6 5. c3 Bg7 6. Be3 Nf6 7. Bd3 Ne5 8. Bc2 Nc4 9. Bc1 e5 10. Nf3 d6 11. O-O O-O 12. b3 Nb6 13. Bg5 Qe7 14. c4 h6 15. Be3 Ng4 16. Bc1 f5 17. Nc3 fxe4 18. Bxe4 Bf5 19. Ba3 Rad8 20. Rc1 Nf6 21. Nd5 Nfxd5 22. Bxd5+ Nxd5 23. Qxd5+ Be6 24. Qa5 Rxf3 25. gxf3 Qg5+ 26. Kh1 Bh3 27. Rg1 Qh5 28. Qxd8+ Kh7 29. Rg3 e4 30. Qxd6 exf3 31. Qd5 Be5 32. Qf7+ Bg7 33. Bb2 1-0

[Event "KSB 24/25 Brusperk - Dobra B"]
[Site "?"]
[Date "2024.12.01"]
[Round "4.1"]
[White "Grepl, Lukas"]
[Black "Zemkova, Klara"]
[Result "1-0"]
[ECO "B12"]
[WhiteElo "1940"]
[BlackElo "1943"]
[PlyCount "101"]
[TimeControl "240+2"]

{475MB, Fritz9.ctg} 1. e4 c6 2. d4 d5 3. e5 Bf5 4. h4 h5 5. Bd3 Bxd3 6. Qxd3 e6
7. Bg5 Qb6 8. Nd2 Nd7 9. Ngf3 Ne7 10. Bxe7 Bxe7 11. Ng5 Bxg5 12. hxg5 O-O-O 13.
c4 f6 14. c5 Qb5 15. Qxb5 cxb5 16. gxf6 gxf6 17. f4 Rdg8 18. Kf2 Rg4 19. g3
fxe5 20. dxe5 Kc7 21. b4 Nb8 22. Nf3 Nc6 23. a3 Kd7 24. Rh2 a5 25. bxa5 Nxa5
26. Nd4 h4 27. Rxh4 Rhxh4 28. Kf3 Rxf4+ 29. gxf4 Rh3+ 30. Kg4 Rd3 31. Nxb5 Nb3
32. Rh1 Nxc5 33. Rh7+ Kc6 34. Nc7 Rxa3 35. Re7 b5 36. Nxe6 Nxe6 37. Rxe6+ Kc5
38. f5 Ra1 39. f6 Rf1 40. Re8 b4 41. Kg5 Kd4 42. e6 Ke5 43. f7 d4 44. f8=Q Rxf8
45. Rxf8 Kxe6 46. Kf4 Kd5 47. Rc8 b3 48. Kf3 b2 49. Rb8 Kc4 50. Rxb2 Kc3 51.
Rh2 1-0

[Event "KSB 24/25 Brusperk - Dobra B"]
[Site "?"]
[Date "2024.12.01"]
[Round "4.2"]
[White "Keprt, Pavel"]
[Black "Vlasek, Roman"]
[Result "1-0"]
[ECO "B12"]
[WhiteElo "1997"]
[BlackElo "1924"]
[PlyCount "65"]
[TimeControl "240+2"]

{475MB, Fritz9.ctg} 1. e4 c6 2. d4 d5 3. e5 c5 4. dxc5 e6 5. Nf3 Bxc5 6. Bd3
Nc6 7. c3 a5 8. O-O Nge7 9. Re1 Qb6 10. Qe2 Ng6 11. g3 Ngxe5 12. Nxe5 Nxe5 13.
Qxe5 Bxf2+ 14. Kf1 Bxe1 15. Qxe1 Bd7 16. Qe2 O-O-O 17. Be3 Qc6 18. Na3 e5 19.
Kg1 Qd6 20. Nb5 Bxb5 21. Bxb5 Kc7 22. Rd1 Qe6 23. Bc5 h5 24. b4 b6 25. Bf2 Ra8
26. a4 g6 27. bxa5 bxa5 28. Qe3 Qd6 29. Qf3 f5 30. Rxd5 e4 31. Qd1 Qe6 32. Rd7+
Kc8 33. Qd4 1-0

[Event "KSB 24/25 Brusperk - Dobra B"]
[Site "?"]
[Date "2024.12.01"]
[Round "4.3"]
[White "Lipovsky, Tomas"]
[Black "Macicek, Jan"]
[Result "0-1"]
[ECO "B08"]
[WhiteElo "1848"]
[BlackElo "1846"]
[PlyCount "128"]
[TimeControl "240+2"]

{475MB, Fritz9.ctg} 1. e4 d6 2. d4 Nf6 3. Nc3 g6 4. Nf3 Bg7 5. Bc4 O-O 6. O-O
Nxe4 7. Bxf7+ Rxf7 8. Nxe4 Bg4 9. Neg5 Rf8 10. h3 Bf5 11. Qe2 Qd7 12. d5 Na6
13. c3 Nc5 14. Re1 Rae8 15. Nd4 Bxd4 16. cxd4 Nd3 17. Rd1 Nb4 18. g4 Nc2 19.
gxf5 Nxa1 20. fxg6 Qf5 21. Ne6 Rf6 22. gxh7+ Kh8 23. Bg5 Rxe6 24. dxe6 Qxg5+
25. Kf1 Qd5 26. Qe3 Rf8 27. b3 Rf6 28. Qg3 Qh1+ 29. Ke2 Qe4+ 30. Kf1 Rg6 31.
Qe3 Qxe3 32. fxe3 Nc2 33. Ke2 Rxe6 34. Kd3 Nb4+ 35. Kc4 a5 36. a3 Nc2 37. Kd3
Nxa3 38. Ra1 Nb5 39. Rxa5 c6 40. d5 Rh6 41. Ra8+ Kxh7 42. Re8 Rh5 43. Rxe7+ Kg6
44. e4 Rxh3+ 45. Kc4 Rh7 46. Re8 Kf6 47. Rc8 Rc7 48. Re8 Kf7 49. Rh8 Kf6 50.
Rh6+ Ke5 51. Re6+ Kf4 52. b4 Rd7 53. e5 dxe5 54. dxc6 bxc6 55. Rxc6 Nd4 56.
Rf6+ Ke4 57. b5 Rc7+ 58. Kb4 Kd5 59. b6 Rc1 60. Rf8 Nc6+ 61. Kb5 Rb1+ 62. Ka6
e4 63. b7 e3 64. Re8 Rb3 0-1

[Event "KSB 24/25 Brusperk - Dobra B"]
[Site "?"]
[Date "2024.12.01"]
[Round "4.4"]
[White "Vala, Simon"]
[Black "Tvrdy, Petr"]
[Result "1-0"]
[ECO "D02"]
[WhiteElo "1894"]
[BlackElo "1716"]
[PlyCount "64"]
[TimeControl "240+2"]

{475MB, Fritz9.ctg} 1. d4 e6 2. Bf4 d5 3. c3 c5 4. e3 Nc6 5. Nf3 Nf6 6. Bd3 Be7
7. Nbd2 Nh5 8. Be5 Nxe5 9. Nxe5 Nf6 10. g4 Nd7 11. Ndf3 a6 12. h4 f6 13. Nxd7
Bxd7 14. Qc2 Qb6 15. Bxh7 O-O-O 16. Bd3 c4 17. Be2 g5 18. O-O-O gxh4 19. Nxh4
Bd6 20. f4 a5 21. Ng6 Rxh1 22. Rxh1 a4 23. a3 e5 24. fxe5 fxe5 25. dxe5 Bc5 26.
Rh7 Rg8 27. Nh4 Bxe3+ 28. Kb1 Qc7 29. e6 Qh2 30. exd7+ Kd8 31. Qxa4 Qxe2 32.
Qa8+ Kc7 1-0

[Event "KSB 24/25 Brusperk - Dobra B"]
[Site "?"]
[Date "2024.12.01"]
[Round "4.5"]
[White "Genserovsky, Milan"]
[Black "Bok, Tomas"]
[Result "1-0"]
[ECO "A52"]
[WhiteElo "1761"]
[BlackElo "1803"]
[PlyCount "78"]
[TimeControl "240+2"]

{475MB, Fritz9.ctg} 1. d4 Nf6 2. c4 e5 3. dxe5 Ng4 4. Nf3 Nc6 5. e3 Ngxe5 6.
Nxe5 Nxe5 7. Nc3 Be7 8. Be2 O-O 9. b3 c6 10. O-O f5 11. f4 Ng6 12. Bb2 d6 13.
Qd3 Be6 14. Rad1 Qa5 15. Bf3 Rad8 16. Qc2 Qb6 17. Kh1 Rd7 18. Rfe1 Qc7 19. Ne2
Bf6 20. Nd4 Bxd4 21. Bxd4 b6 22. g3 d5 23. c5 b5 24. b4 a5 25. a3 Ra8 26. Ra1
a4 27. h4 Rf8 28. h5 Nh8 29. Qb2 h6 30. Rg1 Qd8 31. Rg2 Kh7 32. Rag1 Rg8 33. g4
Qh4+ 34. Rh2 Qe7 35. g5 g6 36. hxg6+ Rxg6 37. Bxh8 Qe8 38. Bh5 d4 39. Bxg6+
Kxg6 1-0

[Event "KSB 24/25 Brusperk - Dobra B"]
[Site "?"]
[Date "2024.12.01"]
[Round "4.6"]
[White "Halamicek, Radek"]
[Black "Hora, Jan"]
[Result "1-0"]
[ECO "C07"]
[WhiteElo "1769"]
[BlackElo "1690"]
[PlyCount "55"]
[TimeControl "240+2"]

{475MB, Fritz9.ctg} 1. e4 e6 2. d4 d5 3. Nd2 c5 4. c3 Nc6 5. Ngf3 Bd7 6. Bd3
Qb6 7. exd5 exd5 8. Qe2+ Be7 9. dxc5 Qxc5 10. Nb3 Qd6 11. O-O Nf6 12. Be3 b6
13. Rfe1 O-O 14. Rad1 Rfe8 15. Qd2 Bg4 16. Bf4 Qd8 17. Be2 Bd6 18. Bg5 Be6 19.
Bb5 Rc8 20. Nbd4 Nxd4 21. Nxd4 Rf8 22. Rxe6 fxe6 23. Nxe6 Bxh2+ 24. Kh1 Qd6 25.
Nxf8 Rxf8 26. Bxf6 Rxf6 27. Qxd5+ Kh8 28. Qa8+ 1-0

[Event "KSB 24/25 Brusperk - Dobra B"]
[Site "?"]
[Date "2024.12.01"]
[Round "4.7"]
[White "Blecha, Josef"]
[Black "Soural, Jiøí"]
[Result "1-0"]
[ECO "C55"]
[WhiteElo "1842"]
[BlackElo "1774"]
[PlyCount "69"]
[TimeControl "240+2"]

{475MB, Fritz9.ctg} 1. e4 e5 2. Nf3 Nc6 3. Bc4 Nf6 4. d3 Be7 5. Nc3 O-O 6. Nd5
d6 7. c3 Na5 8. Nxe7+ Qxe7 9. Bb3 h6 10. Bc2 c5 11. h3 Nc6 12. O-O b5 13. Re1
Bb7 14. Nh2 Rad8 15. Ng4 Nh7 16. Ne3 Bc8 17. Nd5 Qb7 18. Ne3 Be6 19. Qh5 Ne7
20. Qe2 Qd7 21. Kh2 f5 22. exf5 Nxf5 23. Bb3 c4 24. dxc4 Nxe3 25. Bxe3 bxc4 26.
Bxc4 d5 27. Bb3 Qd6 28. Kg1 Rf6 29. Rad1 Qc7 30. Qb5 Kh8 31. Bxd5 Bd7 32. Qc5
Qb8 33. Qxa7 Qxb2 34. Qc7 Rff8 35. Be6 1-0